[Event "Team 45 45 League T73"]
[Site "Internet Chess Club"]
[Date "2017.06.25"]
[Round "1"]
[White "room-matt"]
[Black "santiagoelawad"]
[Result "0-1"]
[WhiteElo "1807"]
[BlackElo "1997"]
[Opening "Caro-Kann: anti-anti-Caro-Kann defense"]
[ECO "B10"]
[Time "10:35:59"]
[TimeControl "2700+45"]

1. e4 c6 2. c4 d5 3. cxd5 cxd5 4. exd5 Nf6 5. Nc3 g6 6. Qb3 Bg7 7. Bc4 O-O 8.
Nf3 Na6 9. d4 Nc7 10. O-O a6 11. Ne5 b5 12. Be2 Ncxd5 13. Nc6 Nxc3 14. bxc3 Qc7
15. Bf3 Bb7 16. Bf4 Qd7 17. Ne5 Qc8 18. Rfe1 Bxf3 19. Nxf3 e6 20. Be5 Qc6 21.
Rac1 Rac8 22. Qd1 Rfd8 23. Nd2 Nd5 24. Bxg7 Kxg7 25. Ne4 Qc4 26. a3 Nf4 27. Nd2
Qd5 28. Ne4 f5 29. Qf3 g5 30. Nxg5 Qxf3 31. Nxf3 Nd3 32. Ng5 Kf6 33. Nxe6 Re8
34. d5 Nxe1 35. Rxe1 Rxc3 36. Ra1 Rd3 37. g3 Rc8 38. Nf4 Rdc3 39. Kg2 Rc1 40.
Ra2 R8c2 41. Rxc2 Rxc2 42. Ne6 Ke5 43. Ng7 Rd2 44. h4 Rxd5 45. f4+ Ke4 46. Kh3
Rd3 47. Ne6 Rxa3 48. Ng5+ Kd5 49. Nxh7 Ke6 50. Ng5+ Kf6 51. h5 Rc3 52. h6 Rc8
53. g4 b4 54. gxf5 Kxf5 55. h7 Rh8 {White resigns} 0-1

[Event "Team 45 45 League T73"]
[Site "Internet Chess Club"]
[Date "2017.06.18"]
[Round "1"]
[White "primerpaso"]
[Black "Goli"]
[Result "1-0"]
[WhiteElo "1833"]
[BlackElo "1803"]
[Opening "English opening"]
[ECO "A16"]
[Time "17:02:28"]
[TimeControl "2700+45"]

1. c4 Nf6 2. Nc3 g6 3. g3 Bg7 4. Bg2 O-O 5. e4 d6 6. Nge2 e5 7. O-O Nc6 8. d3 h6
9. h3 a6 10. Be3 Kh7 11. Qd2 Ng8 12. f4 Nge7 13. Kh2 f5 14. Rae1 Bd7 15. b3 Rb8
16. d4 exd4 17. Nxd4 Nxd4 18. Bxd4 Bxd4 19. Qxd4 fxe4 20. Bxe4 Nf5 21. Qd3 Bc6
22. Nd5 Bxd5 23. cxd5 Kg7 24. Qc3+ Kh7 25. Bxf5 Rxf5 26. Re6 Rf7 27. Qc2 Qg8 28.
f5 g5 29. Rfe1 Qf8 30. Re7 Kg7 31. f6+ Kg8 32. Qg6+ {Black resigns} 1-0

[Event "Team 45 45 League T73"]
[Site "Internet Chess Club"]
[Date "2017.06.15"]
[Round "1"]
[White "fishhead"]
[Black "kabindra"]
[Result "1-0"]
[WhiteElo "1694"]
[BlackElo "1799"]
[Opening "QP counter-gambit (elephant gambit)"]
[ECO "C40"]
[Time "18:00:30"]
[TimeControl "2700+45"]

1. e4 e5 2. Nf3 d5 3. Nxe5 dxe4 4. f4 exf3 5. Qxf3 Qe7 6. Qe2 Be6 7. d4 Qh4+ 8.
Qf2 Qxf2+ 9. Kxf2 f6 10. Nf3 Nc6 11. Bb5 O-O-O 12. c3 g5 13. Re1 Bd5 14. Be3 a6
15. Bd3 Nh6 16. h3 Kb8 17. Nbd2 g4 18. Nh4 gxh3 19. gxh3 f5 20. Nxf5 Nxf5 21.
Bxf5 Bd6 22. Be4 Rdf8+ 23. Ke2 Bf7 24. Rf1 Bh5+ 25. Kd3 Re8 26. Rae1 Bg3 27. Bf2
Bf4 28. Bh4 Bh6 29. Bf5 Reg8 30. Rg1 Rf8 31. Rgf1 Rfg8 32. Ne4 Rg2 33. Rf2 Rxf2
34. Nxf2 Rf8 35. Be4 Nd8 36. Ng4 Bg7 37. Bxh7 Rf3+ 38. Re3 Rxe3+ 39. Kxe3 Nf7
40. Bf5 Nd6 41. Be6 Bg6 42. Kf4 Bb1 43. Bf6 Bf8 44. h4 Bh7 45. h5 Ne8 46. Be5
Ng7 47. Bf7 Kc8 48. h6 {Black resigns} 1-0

[Event "Team 45 45 League T73"]
[Site "Internet Chess Club"]
[Date "2017.06.15"]
[Round "1"]
[White "Portola"]
[Black "zap2"]
[Result "1-0"]
[WhiteElo "1805"]
[BlackElo "1682"]
[Opening "Queen's pawn game"]
[ECO "A46"]
[Time "09:00:15"]
[TimeControl "2700+45"]

1. d4 Nf6 2. Nf3 d6 3. Bg5 Nbd7 4. e3 Ne4 5. Bf4 g6 6. c3 Bg7 7. Nbd2 Ndf6 8.
Bc4 O-O 9. O-O Re8 10. Nxe4 Nxe4 11. h3 Bd7 12. Qe2 e5 13. dxe5 dxe5 14. Bh2 Qe7
15. Rfd1 c6 16. a4 Rad8 17. Qc2 Ng5 18. Nxg5 Qxg5 19. Kh1 Qh4 20. Qe2 Bf5 21.
Bg3 Qe7 22. Rxd8 Rxd8 23. Rd1 Rd6 24. Rxd6 Qxd6 25. Kg1 Bf6 26. Kf1 Qc5 27. e4
Bc8 28. b3 b5 29. axb5 cxb5 30. Bxb5 Qxc3 31. Bc4 Be7 32. Kg1 Bc5 33. Kh2 Kg7
34. Bd5 Qd4 35. Qf3 Be6 36. Bxe6 fxe6 37. Bh4 Qd6 38. Qf6+ Kg8 39. Bg3 Bd4 40.
h4 a5 41. h5 gxh5 42. Qg5+ Kh8 43. Qxh5 Kg7 44. Qg5+ Kh8 45. Bh4 Qf8 46. f3 Qf4+
47. Qxf4 exf4 48. Be1 Bb6 49. Bc3+ Kg8 50. Be5 Be3 51. Bc7 Bd2 52. Kh3 Kf7 53.
Kg4 Kg6 54. Bxf4 Bxf4 55. Kxf4 Kf6 56. e5+ Kg6 57. g4 h6 58. Kg3 Kg5 59. f4+ Kg6
60. Kh4 Kh7 61. Kh5 Kg7 62. f5 Kh7 63. f6 a4 64. bxa4 Kg8 65. a5 Kf7 66. a6 Kg8
67. a7 Kh7 68. f7 Kg7 69. f8=Q+ Kxf8 70. a8=Q+ Kg7 71. Qb7+ {Black resigns} 1-0

[Event "Team 45 45 League T73"]
[Site "Internet Chess Club"]
[Date "2017.06.17"]
[Round "1"]
[White "LittleButton"]
[Black "TheRailgun"]
[Result "1/2-1/2"]
[WhiteElo "1875"]
[BlackElo "1842"]
[Opening "Queen's pawn: London system"]
[ECO "A45"]
[Time "12:00:44"]
[TimeControl "2700+45"]

1. d4 Nf6 2. Bf4 g6 3. Nc3 Bg7 4. e4 d5 5. e5 Ne4 6. Nxe4 dxe4 7. c3 O-O 8. Bc4
c5 9. d5 Nd7 10. Qe2 Nxe5 11. Bxe5 Bxe5 12. Qxe4 Qd6 13. Nf3 Bf6 14. O-O Rb8 15.
a4 a6 16. Qe2 b5 17. axb5 axb5 18. Bxb5 Qxd5 19. Bc4 Qh5 20. Rfd1 Bb7 21. Rd3
Rfd8 22. Re3 Ra8 23. Re1 e6 24. Ne5 Qxe2 25. R3xe2 Bd5 26. Bxd5 Rxd5 27. Nc4 Ra2
28. g3 Kg7 29. Rc2 Rd8 30. Rcc1 g5 31. Ra1 Rda8 32. Rxa2 Rxa2 33. Rd1 Ra7 {Game
drawn by mutual agreement} 1/2-1/2

[Event "Team 45 45 League T73"]
[Site "Internet Chess Club"]
[Date "2017.06.17"]
[Round "1"]
[White "fireball"]
[Black "Beetlejuice"]
[Result "0-1"]
[WhiteElo "1569"]
[BlackElo "1759"]
[Opening "Sicilian: Smith-Morra gambit"]
[ECO "B21"]
[Time "10:04:03"]
[TimeControl "2700+45"]

1. e4 c5 2. d4 cxd4 3. c3 dxc3 4. Nxc3 Nc6 5. Nf3 d6 6. Bc4 a6 7. O-O Nf6 8. Qe2
Bg4 9. Rd1 e6 10. Bf4 Qb8 11. Qd2 Bxf3 12. gxf3 Ne5 13. Be2 Be7 14. Bg5 O-O 15.
f4 Ned7 16. Kh1 b5 17. a3 Rc8 18. Rg1 Kh8 19. Bf3 Ra7 20. Rg3 Rac7 21. Qe3 Qb6
22. Qe2 Nc5 23. f5 Nb3 24. Rag1 g6 25. Be3 Qb8 26. fxg6 fxg6 27. Rh3 Kg8 28. Bh5
Kf7 29. Bf3 Rd7 30. Qc2 b4 31. axb4 Qxb4 32. e5 dxe5 33. Rxh7+ Ke8 34. Qxg6+ Kd8
35. Rh8+ Kc7 36. Rxc8+ Kxc8 37. Qc2 Rc7 38. Qe2 Qa5 39. Rd1 Bc5 40. Bg5 Be7 41.
Bxf6 Bxf6 42. Qe4 Nd4 43. Qa8+ Kd7 44. Qf8 Be7 45. Qf7 Qb4 46. Bg4 Rc6 47. Ne4
Kc8 48. Qe8+ Kc7 49. Qf7 Kb6 50. Ra1 Nb3 51. Rd1 Qxe4+ 52. f3 Qe2 53. Rg1 Bc5
54. Rb1 Be3 55. Bxe6 Bf4 56. Qh5 Rxe6 57. Rg1 Qxh2+ 58. Qxh2 Bxh2 59. Kxh2 Rh6+
60. Kg2 Rg6+ 61. Kf2 Rxg1 62. Kxg1 Kc5 63. Kf2 Kd4 64. Ke2 Nc5 65. Kd2 Ne6 66.
b3 Ng5 67. Ke2 Kc3 {White resigns} 0-1